 Dungeon Crawl Stone Soup version 0.32-a0-39-g5c88369fb2 (webtiles) character file.

Game seed: 14933712089405359670

1447203 Ge0ff the Nimble (level 27, 224/224 HPs)
             Began as a Merfolk Hedge Wizard on Jan 23, 2024.
             Was the Champion of Ashenzari.
             Escaped with the Orb
             ... and 3 runes
             ... and 1 gem on Jan 24, 2024!
             The game lasted 03:35:51 (120442 turns).

Ge0ff the Nimble (Merfolk Hedge Wizard)           Turns: 120442, Time: 03:35:51

Health: 224/224    AC: 20    Str: 11    XL:     27
Magic:  37/55      EV: 30    Int: 29    God:    Ashenzari [******]
Gold:   2200       SH: 23    Dex: 22    Spells: 5/65 levels left

rFire   + + .        a - +18 lance "Wyrmbane" {slay drac, rPois rF+ rC+ AC+3, Self, Cun} (curse)
rCold   + + .        D - +5 kite shield of the Ruined Repose {reflect, Cun, Fort} (curse)
rNeg    + + .        A - +1 robe "Oracle of Ashenzari" {^Contam rPois Stlth- Archmagi, Bglg, Dev} (curse)
rPois   +            Q - +3 crown of Dyrovepreva {rElec Int+2 SInv, Dev, Elem} (curse)
rElec   +            b - +1 cloak of the Chained Sage {rF+ Int+3, Self, Cun} (curse)
rCorr   .            Y - +1 pair of gloves of Ashenzari's Loss {Bglg, Sorc} (curse)
SInv    +            x - +2 pair of boots of Ashenzari's Augurer {Cun, Self} (curse)
Will    +++++        L - amulet of the Four Winds {rN+ Will+++ Clar, Elem, Dev} (curse)
Stlth   ++           i - ring of the Octopus King {HP+2 MP+9 AC+2 EV+2 SH+2, Bglg, Sorc} (curse)
HPRegen 0.57/turn    e - ring of the Astral Secrets {rC+ rN+ Will+ Dex+4, Dev, Elem} (curse)
MPRegen 0.34/turn

%: reflection, clarity, archmagi
@: studying 3 skills
A: (nimble swimmer 2), mertail, claws 1, agile 1
0: Orb of Zot
}: 3/15 runes: serpentine, barnacled, silver
a: Renounce Religion, Shatter the Chains


You escaped.
You worshipped Ashenzari.
Ashenzari was exalted by your worship.
You visited 10 branches of the dungeon, and saw 48 of its levels.
You visited 1 bazaar.
You also visited: Bailey, Gauntlet, Ice Cave and Wizlab.

You collected 7502 gold pieces.
You spent 5302 gold pieces at shops.

Inventory:

Hand Weapons
 a - the cursed +18 lance "Wyrmbane" (weapon) {slay drac, rPois rF+ rC+ AC+3, Self, Cun}
   (You took it off Margery on level 3 of the Vaults)

   AC+3:      It affects your AC (+3).
   rF+:       It protects you from fire.
   rC+:       It protects you from cold.
   rPois:     It protects you from poison It has a curse which improves the
   following skills: Introspection: Fighting and Spellcasting.
   Cunning:   Dodging and Stealth.
Missiles
 g - 14 throwing nets {=F}
 r - 11 darts of dispersal
 t - 65 boomerangs
 v - 12 curare-tipped darts {=F}
 w - 8 silver javelins
 G - 14 javelins
Armour
 b - the cursed +1 cloak of the Chained Sage (worn) {rF+ Int+3, Self, Cun}
   (You found it in a wizard's laboratory)

   Int+3:     It affects your intelligence (+3).
   rF+:       It protects you from fire.
   It has a curse which improves the following skills: Introspection: Fighting
   and Spellcasting.
   Cunning:   Dodging and Stealth.
 x - the cursed +2 pair of boots of Ashenzari's Augurer (worn) {Cun, Self}
   (You found it on level 14 of the Dungeon)

   It has a curse which improves the following skills: Cunning: Dodging and
   Stealth.
   Introspection: Fighting and Spellcasting.
 A - the cursed +1 robe "Oracle of Ashenzari" (worn) {^Contam rPois Stlth- Archmagi, Bglg, Dev}
   (You took it off a deep elf elementalist on level 3 of the Elven Halls)

   rPois:     It protects you from poison ^Contam: It causes magical
   contamination when unequipped.
   Stlth-:    It makes you less stealthy.
   Archmagi:  It increases the power of your magical spells.
   It has a curse which improves the following skills: Beguiling: Hexes and
   Translocations.
   Devices:   Evocations and Shapeshifting.
 D - the cursed +5 kite shield of the Ruined Repose (worn) {reflect, Cun, Fort}
   (You took it off a naga warrior on level 4 of the Snake Pit)

   It has a curse which improves the following skills: Cunning: Dodging and
   Stealth.
   Fortitude: Armour and Shields.
 Q - the cursed +3 crown of Dyrovepreva (worn) {rElec Int+2 SInv, Dev, Elem}
   (You bought it in a shop on level 3 of the Elven Halls)

   Int+2:     It affects your intelligence (+2).
   rElec:     It insulates you from electricity.
   SInv:      It lets you see invisible.
   It has a curse which improves the following skills: Devices: Evocations and
   Shapeshifting.
   Elements:  Fire Magic, Ice Magic, Air Magic and Earth Magic.
 Y - the cursed +1 pair of gloves of Ashenzari's Loss (worn) {Bglg, Sorc}
   (You found it on level 2 of the Dungeon)

   It has a curse which improves the following skills: Beguiling: Hexes and
   Translocations.
   Sorcery:   Conjurations and Alchemy.
Jewellery
 e - the cursed ring of the Astral Secrets (right hand) {rC+ rN+ Will+ Dex+4, Dev, Elem}
   (You took it off a deep elf demonologist on level 3 of the Elven Halls)

   [ring of positive energy]

   Dex+4:     It affects your dexterity (+4).
   rC+:       It protects you from cold.
   rN+:       It protects you from negative energy.
   Will+:     It increases your willpower.
   It has a curse which improves the following skills: Devices: Evocations and
   Shapeshifting.
   Elements:  Fire Magic, Ice Magic, Air Magic and Earth Magic.
 h - a ring of wizardry
 i - a cursed ring of the Octopus King (left hand) {HP+2 MP+9 AC+2 EV+2 SH+2, Bglg, Sorc}
   (You took it off Jory on level 5 of the Vaults)

   [ring of magical power]

   AC+2:      It affects your AC (+2).
   EV+2:      It affects your evasion (+2).
   HP+2:      It affects your health (+2).
   MP+9:      It affects your magic capacity (+9).
   SH+2:      It affects your SH (+2).
   It has a curse which improves the following skills: Beguiling: Hexes and
   Translocations.
   Sorcery:   Conjurations and Alchemy.
 L - the cursed amulet of the Four Winds (around neck) {rN+ Will+++ Clar, Elem, Dev}
   (You found it in a Gauntlet)

   [amulet of nothing]

   rN+:       It protects you from negative energy.
   Will+++:   It greatly increases your willpower.
   Clar:      It protects you from confusion, rage, mesmerisation and fear.
   It has a curse which improves the following skills: Elements: Fire Magic, Ice
   Magic, Air Magic and Earth Magic.
   Devices:   Evocations and Shapeshifting.
Wands
 d - a wand of digging (6)
 f - a wand of flame (89)
 j - a wand of quicksilver (26)
 k - a wand of iceblast (51)
 p - a wand of paralysis (37)
 s - a wand of mindburst (15)
 P - a wand of polymorph (14)
Scrolls
 m - 2 scrolls of revelation
 y - 2 scrolls of immolation
 B - 8 scrolls of blinking
 C - 4 scrolls of poison
 E - 14 scrolls of fear
 F - 13 scrolls of fog
 J - 2 scrolls of silence {!r}
 S - 2 scrolls of summoning
 T - 25 scrolls of teleportation
 V - 8 scrolls of vulnerability
Potions
 o - 3 potions of ambrosia
 q - 21 potions of curing
 u - 6 potions of mutation {!q}
 z - 5 potions of brilliance
 H - 2 potions of haste {!q}
 I - 4 potions of invisibility
 K - 3 potions of magic {!q}
 M - 7 potions of might
 N - 2 potions of cancellation {!q}
 R - 5 potions of resistance
 W - 8 potions of heal wounds {!q}
 X - 5 potions of enlightenment
 Z - 5 potions of berserk rage {!q}
Miscellaneous
 c - a condenser vane
 l - a lightning rod (4/4)
 n - a phial of floods
 O - a sack of spiders
 U - a phantom mirror


   Skills:
 - Level 14.9(19.5) Fighting
 - Level 10.0 Short Blades
 - Level 14.9 Polearms
 - Level 6.0 Throwing
 + Level 8.4(10.9) Armour
 - Level 14.9(20.5) Dodging
 - Level 10.3(16.0) Stealth
 - Level 14.9(17.2) Shields
 - Level 14.9(19.5) Spellcasting
 - Level 12.4(16.0) Conjurations
 - Level 14.9(19.5) Hexes
 - Level 3.2 Summonings
 * Level 13.2 Necromancy
 - Level 7.3(12.0) Translocations
 - Level 14.9(19.5) Ice Magic
 - Level 14.9(19.5) Air Magic
 - Level 10.3(15.0) Earth Magic
 - Level 11.4(15.0) Alchemy
 - Level 9.3(15.0) Evocations


You had 5 spell levels left.
You knew the following spells:

 Your Spells              Type           Power      Damage    Failure   Level
d - Iskenderun's Mystic   Conj/Tloc      100%       2d19      1%          4
e - Irradiate             Conj/Alch      54%        3d29      1%          5
f - Discord               Hex            59%        N/A       5%          8
g - Apportation           Tloc           100%       N/A       1%          1
h - Lee's Rapid Deconstr  Erth           53%        3d25*     1%          5
k - Borgnjor's Vile Clut  Necr/Erth      52%        N/A       1%          5
m - Bombard               Conj/Erth      54%        9d9       1%          6
n - Dispel Undead         Necr           100%       3d31      1%          4
s - Maxwell's Capacitive  Air            59%        ∞         5%          8
w - Passwall              Erth           100%       N/A       0%          3
B - Blink                 Tloc           100%       N/A       1%          2
C - Ensorcelled Hibernat  Hex/Ice        100%       N/A       0%          2
E - Ozocubu's Refrigerat  Ice            59%        4d20      1%          7

Your spell library contained the following spells:

 Spells                   Type           Power      Damage    Failure   Level
 Freeze                   Ice            100%       1d10      0%          1
 Magic Dart               Conj           100%       1d8       0%          1
 Necrotise                Necr           100%       1d9       0%          1
 Slow                     Hex            100%       N/A       0%          1
 Sting                    Conj/Alch      100%       1d9       0%          1
 Cigotuvi's Dreadful Rot  Necr/Alch/Air  100%       N/A       0%          2
 Mercury Vapours          Alch/Air       100%       N/A       0%          2
 Momentum Strike          Conj/Tloc      100%       3d10      0%          2
 Searing Ray              Conj           100%       2d8       0%          2
 Static Discharge         Conj/Air       100%       3-8/arc   0%          2
 Dazzling Flash           Conj/Hex       100%       N/A       0%          3
 Frozen Ramparts          Ice            100%       1d16      0%          3
 Hailstorm                Conj/Ice       100%       3d16      0%          3
 Mephitic Cloud           Conj/Alch/Air  100%       N/A       0%          3
 Swiftness                Air            100%       N/A       0%          3
 Airstrike                Air            59%        2d(9-25)  0%          4
 Cause Fear               Hex            59%        N/A       0%          4
 Foxfire                  Conj/Fire      100%       2x1d9     1%          1
 Summon Small Mammal      Summ           100%       N/A       1%          1
 Call Imp                 Summ           100%       N/A       1%          2
 Lesser Beckoning         Tloc           100%       N/A       1%          2
 Gell's Gravitas          Tloc           99%        N/A       1%          3
 Inner Flame              Hex/Fire       92%        N/A       1%          3
 Teleport Other           Tloc           99%        N/A       1%          3
 Volatile Blastmotes      Fire/Tloc      100%       2d18      1%          3
 Anguish                  Hex/Necr       55%        N/A       1%          4
 Animate Armour           Summ/Erth      100%       N/A       1%          4
 Animate Dead             Necr           100%       N/A       1%          4
 Dimensional Bullseye     Hex/Tloc       55%        N/A       1%          4
 Flame Wave               Conj/Fire      86%        2d18      1%          4
 Fulminant Prism          Conj/Alch      54%        3d23      1%          4
 Leda's Liquefaction      Alch/Erth      53%        N/A       1%          4
 Martyr's Knell           Necr/Summ      85%        N/A       1%          4
 Olgreb's Toxic Radiance  Alch           100%       N/A       1%          4
 Petrify                  Alch/Erth      100%       N/A       1%          4
 Sticky Flame             Fire/Alch      84%        2d13      1%          4
 Summon Lightning Spire   Summ/Air       96%        N/A       1%          4
 Vhi's Electric Charge    Tloc/Air       100%       N/A       1%          4
 Alistair's Intoxication  Alch           71%        N/A       1%          5
 Arcjolt                  Conj/Air       57%        1d67      1%          5
 Fireball                 Conj/Fire      43%        3d17      2%          5
 Summon Forest            Summ/Tloc      41%        N/A       3%          5
 Summon Blazeheart Golem  Fire/Summ      56%        N/A       11%         4
 Conjure Ball Lightning   Conj/Air       57%        3x3d21    1%          6
 Death Channel            Necr           51%        N/A       1%          6
 Eringya's Noxious Bog    Alch           53%        4d6       1%          6
 Sculpt Simulacrum        Ice/Alch       57%        N/A       1%          6
 Enfeeble                 Hex            59%        N/A       1%          7
 Orb of Destruction       Conj           55%        9d14      3%          7
 Plasma Beam              Fire/Air       46%        2x1d60    6%          6
 Starburst                Conj/Fire      43%        6d12      13%         6
 Spellforged Servitor     Conj/Summ      45%        N/A       38%         7
 Haunt                    Necr/Summ      42%        N/A       58%         7
 Borgnjor's Revivificati  Necr           51%        N/A       58%         8
 Infestation              Necr           51%        N/A       58%         8
 Polar Vortex             Ice            59%        12d7*     63%         9
 Malign Gateway           Summ/Tloc      41%        N/A       67%         7
 Summon Hydra             Summ           31%        N/A       99%         7
 Ignition                 Fire           24%        3d8       100%        8
 Summon Horrible Things   Summ           31%        N/A       100%        8
 Death's Door             Necr           51%        N/A       100%        9
 Dragon's Call            Summ           31%        N/A       100%        9


Dungeon Overview and Level Annotations

Branches:
Dungeon (15/15)            Temple (1/1) D:4            Lair (5/5) D:8
 Shoals (4/4) Lair:3        Snake (4/4) Lair:2        Slime (0/5) Lair:4
    Orc (2/2) D:12            Elf (3/3) Orc:2        Vaults (5/5) D:13
  Crypt (0/3) Vaults:2     Depths (4/4) D:15            Zot (5/5) Depths:4
 Bailey (visited)           IceCv (visited)          WizLab (visited)
Gauntlet (visited)

Altars:
Ashenzari
Cheibriados
Dithmenos
Elyvilon
Fedhas
Gozag
Hepliaklqana
Kikubaaqudgha
Makhleb
Nemelex Xobeh
Okawaru
Qazlal
Ru
Sif Muna
Trog
Uskayaw
Vehumet
Wu Jian
Xom
Yredelemnul
Zin
The Shining One
Jiyva
Lugonu

Shops:
D:2 *   D:8 :   D:9 *   D:15 (   Orc:2 *?=*   Elf:1 ?   Elf:3 [   Snake:4 *
Depths:3 :[:

Portals:
Hell: Depths:1 Depths:2 Depths:3 Depths:4
Abyss: Depths:2 Depths:3
Pandemonium: Depths:2
Ziggurat: Depths:3
Trove: Vaults:4 (give 5 potions of resistance)


Innate Abilities, Weirdness & Mutations

((You are very nimble when in or above water. (Stealth+, EV+, Speed+++)))
Your lower body shifts to a powerful aquatic tail in water.
You have sharp fingernails.
You are agile. (Dex +4, Str/Int -1)


Message History

Casting: Ozocubu's Refrigeration (mildly dangerous; 1% risk of failure)
Confirm with . or Enter, or press ? or * to list all spells.
You feel a surge of power!
The heat is drained from your surroundings.
The hellephant is moderately wounded.
Casting: Ozocubu's Refrigeration (mildly dangerous; 1% risk of failure)
Confirm with . or Enter, or press ? or * to list all spells.
You feel a surge of power!
The heat is drained from your surroundings.
The hellephant is severely wounded.
Casting: Ozocubu's Refrigeration (mildly dangerous; 1% risk of failure)
Confirm with . or Enter, or press ? or * to list all spells.
You feel a surge of power!
The heat is drained from your surroundings.
The hellephant is almost dead.
The hellephant blinks!
Casting: Ozocubu's Refrigeration (mildly dangerous; 1% risk of failure)
Confirm with . or Enter, or press ? or * to list all spells.
You feel a surge of power!
The heat is drained from your surroundings.
You kill the hellephant!
A demonic crawler comes into view.
Casting: Ozocubu's Refrigeration (mildly dangerous; 1% risk of failure)
Confirm with . or Enter, or press ? or * to list all spells.
You feel a surge of power!
The heat is drained from your surroundings.
The demonic crawler is heavily wounded.
Casting: Ozocubu's Refrigeration (mildly dangerous; 1% risk of failure)
Confirm with . or Enter, or press ? or * to list all spells.
You feel a surge of power!
The heat is drained from your surroundings.
You kill the demonic crawler!
Casting: Ozocubu's Refrigeration (mildly dangerous; 1% risk of failure)
Confirm with . or Enter, or press ? or * to list all spells.
You can't see any susceptible monsters within range! (Use Z to cast anyway.)
There is a stone staircase leading up here.
You climb upwards.
There is a stone staircase leading down here.
You sense a monster nearby.
A Tzitzimitl comes into view.
There is a stone staircase leading up here.
You climb upwards.
There is a stone staircase leading down here.
There is a stone staircase leading up here.
You climb upwards.
There is a stone staircase leading down here.
HP restored.
You see here a +0 club.
There is a staircase leading out of the dungeon here.
You have escaped!

#...#..#..##...##....#.#.##.#
+......#.###...##.#..#.#.##.#
#........# #...##.#..#.#.##.#
####..######...##.#..#.#.##.#
####.......'...+..#..#.#.##.#
#.....######...#..#..#.#.##.#
#....................#.#.##.#
#..###.#####.#####...#.#.##.#
#....#.#...#.#..@#...#.#....#
#..###.###.###.###...#.#.####
#..#..>..#....>#...###.######
#..#.###.#.###.###.#........#
...#.#.#.#.#.#...#.#.#...#.##
...###.###.#.#####.#.#.###.#
#...).....>#.......#.#.# #.#
...###.###.#.#####.#.#.###.#
...#.#.#.#.#.#...#.#.#.....#


There were no monsters in sight!

Vanquished Creatures
  5 dread liches
  Frederick (Vaults:5)
  An ancient lich (Zot:5)
  3 orbs of fire (Zot:5)
  Boris (twice) (Vaults:3 Depths:1)
  Sojobo (Depths:3)
  5 Killer Klowns (Zot:5)
  Margery (Vaults:3)
  The ghost of Calu the Sniper, a legendary KoHu of Makhleb (Zot:4)
  Jory (Vaults:5)
  2 bone dragons
  the Enchantress (Depths:4)
  16 golden dragons
  3 doom hounds (Depths:3)
  3 electric golems
  15 tentacled monstrosities
  2 hellephants
  A Hell Sentinel (Zot:4)
  Rupert (D:13)
  3 liches
  Grunn (Depths:3)
  24 Orb Guardians (Zot:5)
  3 deep elf blademasters
  5 titans
  4 quicksilver dragons
  3 deep elf master archers (Elf:3)
  7 sphinxes
  3 tentacled starspawn (WizLab)
  6 death cobs
  9 shadow dragons
  15 storm dragons
  Kirke (Shoals:1)
  9 tengu reavers
  A protean progenitor (Zot:4)
  Donald (Vaults:4)
  Aizul (Snake:4)
  14 nagarajas
  7 draconian knights
  4 draconian scorchers
  5 draconian monks
  6 fire giants
  2 daevas
  3 draconian shifters
  4 deep elf elementalists
  A curse skull (Vaults:2)
  5 deep elf sorcerers
  3 iron dragons
  4 ghost moths
  10 frost giants
  3 draconian stormcallers
  21 vault wardens
  An angel (Depths:2)
  11 very ugly things
  A broodmother (WizLab)
  4 draconian annihilators
  A cacodemon (Depths:1)
  An orc warlord (Vaults:4)
  16 ironbound preservers
  21 stone giants
  3 spriggan defenders (Depths:4)
  11 ironbound thunderhulks
  A formless jellyfish (Vaults:2)
  8 black draconians
  7 deep elf demonologists
  9 green draconians
  6 deep elf death magi
  8 white draconians
  A demonspawn black sun (Zot:4)
  3 war gargoyles
  13 red draconians
  A lorocyproca (WizLab)
  8 deep elf annihilators
  14 yellow draconians
  2 dire elephants
  A minotaur (Gauntlet)
  6 spark wasps
  6 purple draconians
  The ghost of Essalna the Geomancer, a journeyman GrEE of Vehumet (Lair:1)
  4 ettins
  A blizzard demon (Gauntlet)
  5 merfolk javelineers
  2 crystal guardians (Vaults:4)
  8 merfolk impalers
  The ghost of peterlawrence the Fighter, a journeyman MiFi of Okawaru (D:9)
  10 fire dragons
  8 deep elf high priests
  21 yaktaur captains
  The ghost of temujin the Destroyer, a journeyman HuCj of Sif Muna (D:11)
  5 rakshasas
  4 entropy weavers
  4 ice dragons
  5 peacekeepers
  37 vault guards
  2 salamander tyrants (Snake:4)
  6 hydras
  5 great orbs of eyes
  2 catoblepae
  4 spriggan air magi (Depths:4)
  A hell beast (Depths:1)
  3 merfolk avatars
  9 ironbound frosthearts
  8 anacondas
  4 merfolk aquamancers
  4 alligator snapping turtles
  12 centaur warriors
  5 two-headed ogres
  A radroach (Zot:4)
  12 deep troll earth magi
  3 tengu warriors
  4 boulder beetles
  15 death yaks
  26 dancing weapons
  2 satyrs (Shoals:4)
  The ghost of chuckiee3 the Spear-Bearer, a novice MiFi of Okawaru (D:10)
  A hell hog (Depths:1)
  2 demonic crawlers
  10 naga warriors
  A thrashing horror (WizLab)
  7 orc high priests
  4 occultists
  2 vampire magi
  7 deep troll shamans
  2 spriggan berserkers
  9 naga sharpshooters
  A shock serpent (shapeshifter) (Depths:2)
  12 hell knights
  5 shock serpents
  A soul eater (Zot:4)
  Nergalle (Lair:1)
  16 iron trolls
  2 salamander mystics
  A sixfirhy (Depths:1)
  23 deep elf knights
  5 shadow wraiths
  A quicksilver dragon simulacrum (Depths:1)
  6 skysharks
  A deep troll (shapeshifter) (Depths:3)
  6 arcanists
  9 sea snakes
  2 goliath frogs (Zot:4)
  A death drake (Zot:3)
  An orb spider (shapeshifter) (Vaults:5)
  8 large abominations
  3 glowing orange brains
  2 obsidian statues (WizLab)
  A sea snake (shapeshifter) (WizLab)
  8 naga ritualists
  44 deep trolls
  A mana viper (shapeshifter) (Depths:3)
  9 mana vipers
  16 phantasmal warriors
  13 deep elf archers
  18 lindwurms
  4 flayed ghosts
  27 deep elf zephyrmancers
  14 ironbound convokers
  27 harpies
  31 deep elf pyromancers
  4 necromancers
  A worldbinder (WizLab)
  13 fauns
  An oklob plant (D:4)
  A salamander (shapeshifter) (D:14)
  4 orc sorcerers
  9 manticores
  17 salamanders
  12 merfolk sirens
  11 orc knights
  23 ugly things
  9 cyclopes
  A will-o-the-wisp (WizLab)
  27 moths of wrath
  An ice statue (IceCv)
  A black mamba (shapeshifter) (D:15)
  3 water nymphs
  16 elephants
  19 vault sentinels
  38 black mambas
  30 naga magi
  3 meliai (Lair:4)
  A centaur skeleton (D:15)
  A gargoyle (D:12)
  2 unseen horrors
  A torpor snail (Lair:3)
  6 guardian serpents
  15 cane toads
  A smoke demon (WizLab)
  2 orange demons (Depths:1)
  3 tormentors
  An unseen horror (shapeshifter) (D:14)
  6 rime drakes
  3 freezing wraiths
  A kobold demonologist (D:14)
  2 ice devils (Gauntlet)
  27 yaktaurs
  6 komodo dragons
  4 trolls
  A hellwing (D:13)
  37 merfolk
  2 queen bees
  5 wind drakes
  A wolf spider simulacrum (D:15)
  13 polar bears
  A merfolk (shapeshifter) (Depths:1)
  A hornet (D:9)
  19 blink frogs
  Prince Ribbit (D:9)
  A harpy skeleton (D:15)
  A dream sheep (shapeshifter) (Vaults:5)
  A wind drake (shapeshifter) (Vaults:4)
  2 raiju (shapeshifter)
  A meliai zombie (D:15)
  7 snapping turtles
  5 jumping spiders (WizLab)
  4 shadows
  3 spriggans
  20 water elementals
  7 wyverns
  4 small abominations (Depths:3)
  6 air elementals
  20 slime creatures
  5 wraiths
  3 hogs (Shoals:1)
  3 humans (Zot:4)
  2 fire elementals
  4 basilisks
  2 vampires
  47 yaks
  2 wargs
  3 vampire mosquitoes (D:13)
  3 redbacks
  3 steam dragons
  2 chaos spawn (Depths:3)
  53 nagas
  5 acid dragons
  12 water moccasins
  35 orc warriors
  A hornet zombie (D:15)
  6 ice beasts
  4 sky beasts (D:7)
  A laughing skull (Vaults:2)
  5 black bears
  5 ogres
  59 wolves
  2 boggarts (WizLab)
  6 centaurs
  A phantom (D:12)
  7 kobold brigands
  A brain worm (shapeshifter) (Elf:2)
  11 bullfrogs
  An earth elemental (Elf:1)
  4 scorpions
  2 wights (D:7)
  A troll zombie (D:12)
  54 killer bees
  6 electric eels
  5 jellies
  2 howler monkeys
  2 hounds
  22 orc priests
  2 iguanas
  A sleepcap (D:6)
  9 hell rats
  11 orc wizards
  Ijyb (D:3)
  7 ogre zombies (D:12)
  5 gnolls
  5 adders
  7 river rats (Lair:4)
  A shadow imp (D:7)
  4 white imps
  An ufetubus (D:5)
  2 dart slugs
  79 orcs
  An endoplasm (D:4)
  2 giant cockroaches (D:1)
  13 goblins
  8 hobgoblins
  11 jackals
  2 quokkas
  7 ball pythons
  2 bats
  2 frilled lizards
  5 gnoll skeletons (D:12)
  3 gnoll zombies (D:12)
  21 kobolds
  5 orc skeletons (D:12)
  12 orc zombies (D:12)
  8 rats
  A spectral hobgoblin (D:7)
  An aspiring flesh (Zot:4)
  4 starspawn tentacles (WizLab)
2152 creatures vanquished.

Vanquished Creatures (collateral kills)
  A curse toe (Zot:4)
  2 tentacled monstrosities (Zot:4)
  An Orb Guardian (Zot:5)
  A sphinx (Vaults:4)
  A storm dragon (Zot:4)
  A nagaraja (Snake:4)
  2 protean progenitors (Zot:4)
  A draconian monk (Zot:4)
  A draconian shifter (Zot:4)
  A frost giant (Vaults:2)
  3 vault wardens (Vaults:2)
  3 draconian stormcallers
  A draconian annihilator (Zot:5)
  An ironbound preserver (Vaults:2)
  A stone giant (Depths:4)
  A green draconian (Zot:4)
  2 black draconians
  A lorocyproca (Zot:4)
  A red draconian (Zot:4)
  2 white draconians
  2 purple draconians (Zot:4)
  2 merfolk javelineers (Shoals:4)
  2 yellow draconians (Zot:5)
  An ettin (Vaults:4)
  A merfolk impaler (Shoals:4)
  A salamander tyrant (Snake:4)
  2 vault guards (Vaults:2)
  2 merfolk aquamancers
  An ironbound frostheart (Vaults:2)
  2 naga ritualists (Snake:4)
  2 ironbound convokers (Vaults:2)
  An arcanist (Vaults:2)
  An ugly thing (Vaults:2)
  2 moths of wrath (Zot:4)
  2 manticores
  A black mamba (Snake:4)
  A naga mage (Snake:4)
  2 vault sentinels (Vaults:2)
  A water nymph (Shoals:3)
  4 yaktaurs (Vaults:2)
  4 merfolk (Shoals:3)
  A snapping turtle (Shoals:4)
  A slime creature (Vaults:2)
  3 wights (D:7)
  An iguana (D:5)
  A sleepcap (D:5)
  3 adders (D:2)
  An orc (D:6)
  A goblin (D:7)
  A ball python (D:2)
  A kobold (D:2)
79 creatures vanquished.

Vanquished Creatures (others)
  2 eldritch tentacles (WizLab)
  A draconian monk (Zot:5)
  3 draconian knights (Zot:4)
  A draconian stormcaller (Zot:3)
  A black draconian (Zot:4)
  2 green draconians
  A vault guard (D:13)
  A merfolk aquamancer (Shoals:2)
  A deep elf pyromancer (D:13)
  An ugly thing (Vaults:2)
  A black mamba (Snake:4)
  A wind drake (Shoals:4)
  A snapping turtle (Shoals:4)
  A vampire mosquito (D:13)
  A wolf (IceCv)
  A starspawn tentacle (WizLab)
20 creatures vanquished.

Grand Total: 2251 creatures vanquished

Notes
Turn   | Place    | Note
-------+----------+-------------------------------------------
     0 | D:1      | Ge0ff the Merfolk Hedge Wizard began the quest for the Orb.
     0 | D:1      | Reached XP level 1. HP: 13/13 MP: 4/4
    40 | D:1      | Reached skill level 1 in Conjurations
   491 | D:1      | Reached XP level 2. HP: 19/19 MP: 0/6
   546 | D:1      | Learned a level 2 spell: Call Imp
   890 | D:1      | Found a faded altar of an unknown god.
  1444 | D:1      | Reached XP level 3. HP: 19/25 MP: 1/7
  1532 | D:1      | Reached skill level 1 in Fighting
  2009 | D:2      | Found a glowing silver altar of Zin.
  2605 | D:2      | Reached XP level 4. HP: 32/32 MP: 5/8
  2692 | D:2      | Learned a level 2 spell: Blink
  2931 | D:2      | Reached skill level 1 in Translocations
  3060 | D:2      | Found Uterghuru's General Store.
  3067 | D:2      | Bought a scroll of teleportation for 39 gold pieces
  3706 | D:3      | Noticed Ijyb
  3726 | D:2      | Learned a level 3 spell: Mephitic Cloud
  3848 | D:3      | Found an opulent altar of Gozag.
  4155 | D:3      | Killed Ijyb
  4156 | D:3      | Reached skill level 1 in Alchemy
  4156 | D:3      | Reached XP level 5. HP: 37/37 MP: 3/9
  4276 | D:3      | Reached skill level 1 in Air Magic
  4366 | D:4      | Noticed an ogre
  4382 | D:4      | Killed an ogre
  4489 | D:4      | Found a blossoming altar of Fedhas.
  4506 | D:4      | Noticed an oklob plant
  4534 | D:4      | Found a staircase to the Ecumenical Temple.
  4593 | D:4      | Reached XP level 6. HP: 40/43 MP: 0/10
  4680 | Temple   | Entered the Ecumenical Temple
  4696 | Temple   | Became a worshipper of Ashenzari the Shackled
  4733 | D:4      | Found a shadowy altar of Dithmenos.
  4771 | D:4      | Found a sparkling altar of Nemelex Xobeh.
  4911 | D:4      | Identified the -1 hat of Starshine {+Blink Will++ Slay-5}
  5004 | D:4      | Reached skill level 1 in Short Blades
  5524 | D:5      | Entered Level 5 of the Dungeon
  5848 | D:5      | Reached XP level 7. HP: 49/49 MP: 2/11
  6406 | D:5      | Found a shimmering altar of Xom.
  7731 | D:6      | Reached * piety under Ashenzari
  7753 | D:6      | Reached XP level 8. HP: 56/56 MP: 6/12
  7871 | D:5      | Reached skill level 5 in Conjurations
  8091 | D:6      | You fall into a shaft and drop 1 floor!
  8285 | D:7      | Found a flagged portal.
  8346 | Bailey   | Entered a bailey
  8458 | Bailey   | Reached ** piety under Ashenzari
  8765 | Bailey   | Reached XP level 9. HP: 53/63 MP: 10/16
  8817 | Bailey   | Identified the +9 battleaxe "Osaotues" {freeze, rC+}
  8817 | Bailey   | Noticed an orc knight
  8837 | Bailey   | Killed an orc knight
  8954 | Bailey   | Noticed an orc knight
  8976 | Bailey   | Killed an orc knight
  9471 | D:6      | Identified the +0 ring mail of the Harvest {Str-2 Int+3}
  9487 | D:6      | Reached skill level 5 in Fighting
 10294 | D:7      | Reached XP level 10. HP: 79/79 MP: 14/20
 10419 | D:7      | Reached skill level 5 in Stealth
 10423 | D:7      | Reached skill level 5 in Short Blades
 10767 | D:7      | Found a hazy altar of Hepliaklqana.
 11134 | D:8      | Learned a level 2 spell: Ensorcelled Hibernation
 11257 | D:8      | Found Upeedas's Self-Improvement Boutique.
 11512 | D:8      | Reached skill level 1 in Hexes
 11512 | D:8      | Reached skill level 1 in Ice Magic
 11933 | D:8      | Found a staircase to the Lair.
 12161 | D:8      | Found a shimmering blue altar of Sif Muna.
 12194 | D:8      | Identified Sif Muna's Codex of the Geodesic
 12205 | D:8      | Learned a level 1 spell: Apportation
 12212 | D:8      | Learned a level 3 spell: Passwall
 12444 | D:9      | Found Tuvvunad's General Store.
 12479 | D:9      | Reached *** piety under Ashenzari
 12561 | D:9      | Reached XP level 11. HP: 96/98 MP: 22/22
 12587 | D:9      | Found an iron altar of Okawaru.
 12591 | D:9      | Identified the cursed +0 pair of boots "Circumscribed With
                  | Me" {Bglg, Sorc} (You found it on level 8 of the Dungeon)
 12606 | D:9      | Paralysed by a hornet for 3 turns
 12634 | D:9      | Reached skill level 1 in Earth Magic
 12877 | D:9      | Noticed Prince Ribbit
 12883 | D:9      | Killed Prince Ribbit
 12965 | D:9      | Reached skill level 5 in Ice Magic
 13050 | D:9      | Found the +3 giant club "Skullcrusher" {speed, Str+7}
 13375 | D:9      | Found a runed translucent door.
 13380 | D:9      | Noticed peterlawrence's ghost (journeyman MiFi)
 13388 | D:9      | Identified the +3 spear "Death Rattle" {venom, rF+}
 13714 | D:10     | Entered Level 10 of the Dungeon
 13726 | D:10     | Reached XP level 12. HP: 90/103 MP: 9/22
 13892 | D:10     | Noticed a two-headed ogre
 13917 | D:10     | Noticed a boulder beetle
 14001 | D:10     | Found a transporter.
 14007 | D:10     | Found a basalt altar of Yredelemnul.
 14100 | D:10     | Found a transporter.
 14358 | D:10     | Noticed chuckiee3's ghost (novice MiFi)
 14448 | D:11     | Found a frozen archway.
 14452 | IceCv    | Entered an ice cave
 14475 | IceCv    | Reached skill level 5 in Hexes
 14483 | IceCv    | Reached skill level 1 in Shields
 14561 | IceCv    | Reached skill level 1 in Armour
 15687 | IceCv    | Noticed a death yak
 15687 | IceCv    | Noticed an ironbound frostheart
 15687 | IceCv    | Noticed an ironbound frostheart
 15687 | IceCv    | Noticed a death yak
 15696 | IceCv    | Killed an ironbound frostheart
 15713 | IceCv    | Killed an ironbound frostheart
 15907 | IceCv    | Killed a death yak
 16078 | IceCv    | Killed a death yak
 16168 | IceCv    | Identified the +3 broad axe of a Labyrinth {venom, *Slow
                  | rElec Stlth+}
 16180 | IceCv    | Noticed a death yak
 16323 | IceCv    | Reached XP level 13. HP: 113/113 MP: 14/25
 16456 | D:11     | Reached skill level 5 in Dodging
 16775 | D:11     | Found a runed translucent door.
 16788 | D:11     | Noticed temujin's ghost (journeyman HuCj)
 16840 | D:11     | Killed temujin's ghost
 16933 | D:11     | Learned a level 4 spell: Olgreb's Toxic Radiance
 17397 | D:11     | Reached **** piety under Ashenzari
 17885 | D:11     | Learned a level 7 spell: Ozocubu's Refrigeration
 17953 | Lair:1   | Entered Level 1 of the Lair of Beasts
 18326 | Lair:1   | Reached skill level 5 in Alchemy
 18501 | Lair:2   | Found a gate leading to a gauntlet.
 18517 | Gauntlet | Entered a Gauntlet
 18517 | Gauntlet | Found a transporter.
 18517 | Gauntlet | Found a transporter.
 18517 | Gauntlet | Found a transporter.
 18535 | Gauntlet | Found a transporter.
 18538 | Gauntlet | Found a transporter.
 18544 | Gauntlet | Found a runed translucent gate.
 18544 | Gauntlet | Found a runed translucent gate.
 18544 | Gauntlet | Found a runed translucent gate.
 18546 | Gauntlet | Found a transporter.
 18549 | Gauntlet | Found a transporter.
 18553 | Gauntlet | Found a runed translucent door.
 18553 | Gauntlet | Found a runed translucent door.
 18557 | Gauntlet | Found a transporter.
 18557 | Gauntlet | Noticed a great orb of eyes
 18575 | Gauntlet | Found a transporter.
 18580 | Gauntlet | Found a transporter.
 18583 | Gauntlet | Found a transporter.
 18589 | Gauntlet | Noticed a blizzard demon
 18602 | Gauntlet | Identified the +2 cloak of the Lumpy Stories {rElec}
 18639 | Gauntlet | Found a transporter.
 18642 | Gauntlet | Found the amulet of the Four Winds {rN+ Will+++ Clar}
 18800 | Gauntlet | Reached skill level 1 in Throwing
 18906 | Gauntlet | Killed a blizzard demon
 18946 | Gauntlet | Identified the Discursus on Distance
 18946 | Gauntlet | Identified the +3 war axe "Leviticus" {flame, Str+2 Dex+3}
 18946 | Gauntlet | Identified the +0 ring mail of Follow the Leader {Rampage
                  | rF- Will+ Str+3}
 18946 | Gauntlet | Noticed a minotaur
 18962 | Gauntlet | Killed a minotaur
 19088 | Lair:4   | Found a viscous altar of Jiyva.
 19122 | Lair:4   | Found a staircase to the Slime Pits.
 19242 | Lair:5   | Entered Level 5 of the Lair of Beasts
 19301 | Lair:5   | Reached skill level 10 in Ice Magic
 19301 | Lair:5   | Reached XP level 14. HP: 120/120 MP: 12/27
 19906 | Lair:5   | Noticed a dire elephant
 19942 | Lair:5   | Killed a dire elephant
 20015 | Lair:5   | Got an earthy gem with 2314 turns to spare
 23037 | Lair:4   | Reached XP level 15. HP: 127/127 MP: 30/30
 24114 | Lair:4   | Found a viscous altar of Jiyva.
 24114 | Lair:4   | Found a staircase to the Slime Pits.
 24389 | Lair:3   | Found a staircase to the Shoals.
 24945 | Lair:3   | Reached ***** piety under Ashenzari
 25397 | Lair:2   | Found a snail-covered altar of Cheibriados.
 26114 | Lair:2   | Reached skill level 10 in Spellcasting
 26532 | Lair:2   | Found a staircase to the Snake Pit.
 27509 | Lair:1   | Found a runed translucent door.
 27510 | Lair:1   | Found a shimmering altar of Xom.
 27510 | Lair:1   | Noticed Essalna's ghost (journeyman GrEE)
 27707 | Lair:1   | Reached skill level 10 in Short Blades
 27859 | Lair:1   | Noticed Nergalle
 27863 | Lair:1   | Killed Nergalle
 28715 | D:9      | Killed peterlawrence's ghost
 29132 | D:12     | Found a staircase to the Orcish Mines.
 30700 | Orc:1    | Entered Level 1 of the Orcish Mines
 30865 | Orc:1    | Reached ****** piety under Ashenzari
 30881 | Orc:1    | Learned a level 8 spell: Discord
 31371 | Orc:2    | Entered Level 2 of the Orcish Mines
 31374 | Orc:2    | Found a shimmering altar of Xom.
 32262 | Orc:2    | Found a staircase to the Elven Halls.
 34463 | Orc:2    | Found Nougg's Assorted Antiques.
 34465 | Orc:2    | Found Gixieku's Jewellery Emporium.
 34465 | Orc:2    | Found Liyjan's Magic Scroll Shoppe.
 34466 | Orc:2    | Found Ceutriuh's Assorted Antiques.
 34477 | Orc:2    | Bought a scroll of teleportation for 45 gold pieces
 34477 | Orc:2    | Bought a scroll of teleportation for 45 gold pieces
 34477 | Orc:2    | Bought a scroll of teleportation for 45 gold pieces
 34477 | Orc:2    | Bought a scroll of blinking for 112 gold pieces
 34540 | Orc:2    | Learned a level 5 spell: Lee's Rapid Deconstruction
 34547 | Orc:2    | Learned a level 6 spell: Bombard
 34939 | D:13     | Noticed Rupert
 34950 | D:13     | Killed Rupert
 35107 | D:13     | Reached XP level 16. HP: 139/139 MP: 20/35
 35841 | D:13     | Reached skill level 10 in Hexes
 36398 | D:13     | Found a gate to the Vaults.
 37383 | D:14     | Found a white marble altar of Elyvilon.
 38345 | D:15     | Entered Level 15 of the Dungeon
 39442 | D:15     | Found Effo's Weapon Shoppe.
 39845 | D:15     | Found a staircase to the Depths.
 40562 | Shoals:1 | Entered Level 1 of the Shoals
 41598 | Shoals:1 | Noticed Kirke
 41605 | Shoals:1 | Killed Kirke
 43367 | Shoals:2 | Reached XP level 17. HP: 145/145 MP: 15/37
 43927 | Shoals:2 | Reached skill level 5 in Earth Magic
 48370 | Shoals:4 | Entered Level 4 of the Shoals
 48853 | Shoals:4 | Reached skill level 10 in Dodging
 51018 | Shoals:4 | Identified the +0 scale mail "Koroe" {^Contam Fly Regen+}
 51427 | Shoals:4 | Reached XP level 18. HP: 80/155 MP: 23/39
 51625 | Shoals:4 | Got a barnacled rune of Zot
 52542 | Snake:1  | Entered Level 1 of the Snake Pit
 53132 | Snake:2  | Identified the +3 leather armour of Feomosh {rN+}
 53349 | Snake:4  | Entered Level 4 of the Snake Pit
 53381 | Snake:4  | Found Potaloss's Assorted Antiques.
 53501 | Snake:4  | Identified the serpent talisman of Okawaru's Esteem {rF+}
 53501 | Snake:4  | Noticed Aizul
 53507 | Snake:4  | Killed Aizul
 53508 | Snake:4  | Identified the cursed +2 pair of boots of Ashenzari's
                  | Augurer {Cun, Self} (You found it on level 14 of the
                  | Dungeon)
 55252 | Snake:4  | Got a serpentine rune of Zot
 55342 | Snake:4  | Reached XP level 19. HP: 77/172 MP: 8/43
 56540 | Snake:4  | Found Potaloss's Assorted Antiques.
 57618 | Snake:3  | Identified the ring "Bewkivuro" {Ice rCorr Str-5 Int+4}
 57765 | Snake:3  | Reached skill level 5 in Shields
 58081 | Snake:3  | Learned a level 4 spell: Dispel Undead
 59282 | Snake:2  | Learned a level 4 spell: Iskenderun's Mystic Blast
 59288 | Snake:2  | Learned a level 5 spell: Borgnjor's Vile Clutch
 59614 | Snake:1  | Reached skill level 1 in Necromancy
 61740 | D:10     | Killed chuckiee3's ghost
 62015 | Lair:1   | Reached skill level 1 in Evocations
 62018 | Lair:1   | Killed Essalna's ghost
 62317 | Elf:1    | Entered Level 1 of the Elven Halls
 62740 | Elf:1    | Found Xuivum's Magic Scroll Emporium.
 65247 | Elf:1    | Reached XP level 20. HP: 178/178 MP: 16/44
 67011 | Elf:2    | Identified the +5 sling "Ogre's Death Toll" {heavy, rF+
                  | Int+3 Dex+4}
 67521 | D:8      | Learned a level 8 spell: Maxwell's Capacitive Coupling
 67761 | Elf:2    | Found a runed translucent gate.
 67762 | Elf:2    | Found a runed translucent gate.
 67762 | Elf:2    | Found a runed translucent gate.
 67795 | Elf:2    | Identified the +9 spear of Mourning {flame, Int+3}
 69761 | Elf:3    | Entered Level 3 of the Elven Halls
 69805 | Elf:3    | Reached skill level 5 in Throwing
 70442 | Elf:3    | Reached skill level 5 in Necromancy
 71317 | Elf:3    | Reached skill level 5 in Air Magic
 71870 | Elf:3    | Found Kassiore's Antique Armour Shop.
 71878 | Elf:3    | Bought the +3 crown of Dyrovepreva {rElec Int+2 SInv} for
                  | 1159 gold pieces
 71878 | Elf:3    | Found the +3 crown of Dyrovepreva {rElec Int+2 SInv}
 72007 | Elf:3    | Identified the ring "Muxech" {rC+ rN+ Will+ Dex+4}
 72294 | Elf:3    | Identified the +6 trident "Rodad" {freeze, Dex+5}
 72721 | Elf:3    | Identified the +1 robe "Poufrun" {^Contam rPois Stlth-
                  | Archmagi}
 72721 | Elf:3    | Identified the ring of Zoinoklo {^Contam rC+++ rN+++ Will+
                  | Dex-5}
 72888 | Elf:3    | Identified the +8 bardiche of Zerghyhui {spect, rN+ Str-3
                  | Int+3}
 72892 | Elf:3    | Reached XP level 21. HP: 182/182 MP: 23/44
 72986 | Elf:3    | Identified the +11 shortbow of Accidental Termination
                  | {antimagic, rElec}
 72994 | Elf:3    | Identified the staff of Reinforcement {rC- Dex+3 Stlth+
                  | Conj Air}
 73030 | Elf:3    | Identified the +5 shortbow of the Pillar {antimagic,
                  | ^Fragile Str+4 Dex+2}
 73032 | Elf:3    | Identified the Parchment of Snow-white Electrocution
 73525 | Elf:3    | Found Kassiore's Antique Armour Shop.
 73711 | Vaults:1 | Entered Level 1 of the Vaults
 75596 | Vaults:1 | Found the +4 skin of Zhor {*Englaciate rC+++ SInv}
 75873 | Vaults:1 | Identified the +0 chain mail of Cowardice {-Cast rN++
                  | Slay+3 Stlth+}
 77734 | Vaults:2 | Found a flickering gateway to a bazaar.
 77743 | Bazaar   | Entered a bazaar
 77743 | Bazaar   | Found Xosh's Jewellery Boutique.
 77743 | Bazaar   | Found Feamm's General Store.
 77743 | Bazaar   | Found Besk's Jewellery Shop.
 77743 | Bazaar   | Found Xycwaeda's Weapon Boutique.
 77865 | Bazaar   | Bought a scroll of teleportation for 48 gold pieces
 77865 | Bazaar   | Bought a scroll of fog for 64 gold pieces
 77865 | Bazaar   | Bought a wand of iceblast (4) for 153 gold pieces
 77865 | Bazaar   | Bought a potion of experience for 800 gold pieces
 77865 | Bazaar   | Reached skill level 10 in Shields
 77865 | Bazaar   | Reached XP level 22. HP: 187/187 MP: 45/45
 78324 | Vaults:2 | Identified the +0 arbalest of Objectivity {freeze, Fly rF+
                  | Str+3}
 79280 | Vaults:2 | Found a staircase to the Crypt.
 80454 | Vaults:3 | Found a magical portal.
 80594 | WizLab   | Entered The Roulette of Golubria
 80594 | WizLab   | Found a transporter.
 80596 | WizLab   | Upgraded the game from 0.32-a0-35-gd9ff480968 to
                  | 0.32-a0-39-g5c88369fb2
 80597 | WizLab   | Found a corrupted altar of Lugonu.
 80671 | WizLab   | Found a transporter.
 80703 | WizLab   | Found a corrupted altar of Lugonu.
 80769 | WizLab   | Found a transporter.
 80770 | WizLab   | Identified the +1 cloak of the Harvest Moon {rF+ Int+3}
 80795 | WizLab   | Found a transporter.
 80841 | WizLab   | Found a transporter.
 80885 | WizLab   | Found a transporter.
 80903 | WizLab   | Found a corrupted altar of Lugonu.
 80905 | WizLab   | Found a transporter.
 80905 | WizLab   | Identified the +0 cloak of the Leaf {*Corrode rPois Dex+6}
 80995 | WizLab   | Identified the Essays on Elsewhere
 81001 | WizLab   | Found a transporter.
 81001 | WizLab   | Found a transporter.
 81214 | WizLab   | Found a transporter.
 81220 | WizLab   | Reached XP level 23. HP: 194/194 MP: 25/46
 81302 | WizLab   | Found a transporter.
 81302 | WizLab   | Found a transporter.
 81556 | WizLab   | Found a transporter.
 81663 | WizLab   | Found a transporter.
 81663 | WizLab   | Found a transporter.
 81919 | WizLab   | Found a transporter.
 81919 | WizLab   | Found a transporter.
 82113 | WizLab   | Found a transporter.
 82113 | WizLab   | Found a transporter.
 82229 | WizLab   | Reached skill level 10 in Air Magic
 82738 | Vaults:3 | Noticed Boris
 82747 | Vaults:3 | Killed Boris
 83112 | Vaults:3 | Noticed Margery
 83119 | Vaults:3 | Killed Margery
 84385 | Vaults:3 | Reached skill level 1 in Polearms
 85457 | Vaults:4 | Reached skill level 5 in Polearms
 85658 | Vaults:4 | Found a portal to a secret trove of treasure.
 85756 | Vaults:4 | Noticed a dread lich
 85763 | Vaults:4 | Killed a dread lich
 87491 | Vaults:4 | Identified the +3 ring mail "Dasot" {-Tele Regen+ rCorr
                  | Dex+3}
 87930 | Vaults:4 | Reached XP level 24. HP: 205/205 MP: 7/47
 88265 | Vaults:4 | Noticed Donald
 88269 | Vaults:4 | Killed Donald
 88792 | Depths:1 | Entered Level 1 of the Depths
 88853 | Depths:1 | Found a sparkling altar of Nemelex Xobeh.
 88998 | Depths:1 | Noticed Boris
 89013 | Depths:1 | Killed Boris
 89014 | Depths:1 | Reached skill level 10 in Polearms
 89807 | Depths:1 | Found a gateway to Hell.
 91489 | Depths:2 | Found a corrupted altar of Lugonu.
 91489 | Depths:2 | Found a one-way gate to the infinite horrors of the Abyss.
 91771 | Depths:2 | Found a one-way gate leading to the halls of Pandemonium.
 93385 | Depths:2 | Found a one-way gate leading to the halls of Pandemonium.
 93567 | Depths:2 | Found a corrupted altar of Lugonu.
 93567 | Depths:2 | Found a one-way gate to the infinite horrors of the Abyss.
 94243 | Depths:3 | Noticed Sojobo
 94249 | Depths:3 | Killed Sojobo
 95049 | Depths:3 | Noticed Grunn
 95381 | Depths:3 | Killed Grunn
 95691 | Depths:3 | Found Daigg's Book Boutique.
 95693 | Depths:3 | Found Wud Vud's Antique Armour Shop.
 95695 | Depths:3 | Found Qilloate's Book Boutique.
 95795 | Depths:3 | Bought a shimmering leather armour for 217 gold pieces
 95795 | Depths:3 | Identified the +1 leather armour "Vunig" {rPois} (You
                  | bought it in a shop on level 3 of the Depths)
 96014 | Depths:3 | Found a one-way gateway to a ziggurat.
 96128 | Depths:3 | Reached XP level 25. HP: 212/212 MP: 11/47
 96337 | Depths:3 | Identified the granite talisman of the Stained God {Dex+4}
 98024 | Depths:3 | Found the +7 lajatang of Order {silver, rMut}
 98367 | Depths:4 | Entered Level 4 of the Depths
 99209 | Depths:4 | Noticed the Enchantress
 99215 | Depths:4 | Killed the Enchantress
100374 | Depths:4 | Reached skill level 5 in Evocations
101173 | Depths:4 | Found a gate to the Realm of Zot.
101675 | Vaults:5 | Entered Level 5 of the Vaults
101683 | Vaults:5 | Reached skill level 10 in Conjurations
103035 | Vaults:5 | Identified the orb "Ohea" {light, Dex+3}
103035 | Vaults:5 | Noticed Frederick
103039 | Vaults:5 | Killed Frederick
103197 | Vaults:5 | Noticed Jory
103204 | Vaults:4 | Reached XP level 26. HP: 180/219 MP: 4/47
103579 | Vaults:5 | Identified the +0 robe of Ankem {+Blink rC- MP+9 Dex+3}
104493 | Vaults:5 | Identified the amulet "Pyirom" {Spirit rC+ Regen+ Str+3
                  | Int+2}
104632 | Vaults:5 | Identified the +4 rapier of Hospitality {drain, *Slow rElec
                  | Int+6 Stlth+}
104829 | Vaults:5 | Identified a scroll of acquirement
104835 | Vaults:5 | Acquired 641 gold pieces
105139 | Vaults:5 | Learned a level 5 spell: Irradiate
105236 | Vaults:5 | Identified the ring of Optimism {rF+ Str+6}
106291 | Vaults:5 | Identified the +8 shortbow of Iconoclasm {drain, rElec
                  | Str+5 Int-4 SInv}
106338 | Vaults:5 | Found the ring of the Octopus King {HP+2 MP+9 AC+2 EV+2
                  | SH+2}
106343 | Vaults:5 | Killed Jory
106531 | Vaults:5 | Identified the +7 mace of the Establishment {chaos, +Blink
                  | rC++ SInv Stlth-}
106660 | Vaults:5 | Identified the Book of Causimancy and Synthesis
106670 | Vaults:5 | Got a silver rune of Zot
107009 | Elf:1    | Bought a scroll of blinking for 82 gold pieces
107009 | Elf:1    | Bought 2 scrolls of revelation for 165 gold pieces
107009 | Elf:1    | Bought a scroll of vulnerability for 44 gold pieces
107122 | Orc:2    | Bought a scroll of revelation for 112 gold pieces
107122 | Orc:2    | Bought a scroll of summoning for 142 gold pieces
107122 | Orc:2    | Bought a scroll of fog for 60 gold pieces
107122 | Orc:2    | Bought a scroll of poison for 60 gold pieces
107124 | Orc:2    | Bought a scroll of poison for 108 gold pieces
107124 | Orc:2    | Bought a scroll of teleportation for 81 gold pieces
107124 | Orc:2    | Bought a wand of iceblast (5) for 324 gold pieces
107124 | Orc:2    | Bought a scroll of teleportation for 81 gold pieces
107128 | Orc:2    | Bought a potion of haste for 300 gold pieces
107128 | Orc:2    | Bought a potion of curing for 90 gold pieces
107128 | Orc:2    | Bought a scroll of revelation for 225 gold pieces
107282 | D:9      | Bought 2 potions of ambrosia for 192 gold pieces
107282 | D:9      | Bought a wand of iceblast (2) for 57 gold pieces
107414 | D:2      | Bought a potion of brilliance for 52 gold pieces
107414 | D:2      | Bought a potion of mutation for 104 gold pieces
107649 | Snake:4  | Bought a scroll of fog for 148 gold pieces
107649 | Snake:4  | Bought a scroll of fog for 148 gold pieces
108048 | Zot:1    | Entered Level 1 of the Realm of Zot
109491 | Zot:1    | Found a transporter.
109492 | Zot:1    | Found a transporter.
110424 | Zot:1    | Found a transporter.
110426 | Zot:1    | Found a transporter.
111184 | Zot:2    | Reached skill level 5 in Armour
111770 | Zot:3    | Reached XP level 27. HP: 174/222 MP: 15/46
111899 | Zot:3    | Reached skill level 10 in Necromancy
112204 | Zot:3    | Reached skill level 5 in Translocations
112455 | Zot:3    | Identified the ring of Biguin {rC+ rCorr MP+9 Dex-2}
112760 | Zot:3    | Identified the +7 sling of Fiorukai {heavy, Stlth+}
112959 | Zot:3    | Reached skill level 10 in Earth Magic
114688 | Zot:4    | Noticed Calu's ghost (legendary KoHu)
114693 | Zot:4    | Found a runed translucent door.
115378 | Zot:4    | Killed Calu's ghost
115521 | Zot:5    | Entered Level 5 of the Realm of Zot
115540 | Zot:5    | Reached skill level 10 in Alchemy
116814 | Zot:5    | Noticed an orb of fire
116815 | Zot:5    | Gained mutation: You are vulnerable to cold. (rC-) [an orb
                  | of fire]
116816 | Zot:5    | Killed an orb of fire
116897 | Zot:5    | Noticed a dread lich
116905 | Zot:5    | Killed a dread lich
117645 | Zot:5    | Noticed a dread lich
117647 | Zot:5    | Killed a dread lich
117731 | Zot:5    | Noticed an orb of fire
117736 | Zot:5    | Killed an orb of fire
117999 | Zot:5    | Reached skill level 10 in Stealth
118215 | Zot:5    | Noticed an ancient lich
118271 | Zot:5    | Killed an ancient lich
119179 | Zot:5    | Noticed a dread lich
119183 | Zot:5    | Killed a dread lich
119304 | Zot:5    | Noticed a dread lich
119308 | Zot:5    | Killed a dread lich
119388 | Zot:5    | Noticed an orb of fire
119392 | Zot:5    | Gained mutation: Your body sometimes deteriorates upon
                  | taking damage. [an orb of fire]
119393 | Zot:5    | Killed an orb of fire
119906 | Zot:5    | Lost mutation: You are vulnerable to cold. (rC-) [potion of
                  | mutation]
119906 | Zot:5    | Lost mutation: Your body sometimes deteriorates upon taking
                  | damage. [potion of mutation]
119906 | Zot:5    | Gained mutation: You have sharp fingernails. [potion of
                  | mutation]
119906 | Zot:5    | Gained mutation: You are agile. (Dex +4, Str/Int -1)
                  | [potion of mutation]
119928 | Zot:5    | Got the Orb of Zot
120157 | Depths:1 | Noticed Yboekora the pandemonium lord
120269 | D:11     | Noticed Qiederud the pandemonium lord
120442 | D:$      | Escaped with the Orb!

Illustrated notes

Levels and vault maps discovered:
D:1:      evilmike_arrival_hilbert_curve, layout_basic,
          shapermc_ecumenical_altar_pompeii, columned_hall_lemuel,
          minmay_misc_feat_doors
D:2:      layout_loops_ring, basic_altar, serial_shops, shop,
          hangedman_decor_clover_reticule, nicolae_eternal_life
D:3:      layout_rooms, grunt_gozag_statues, uniq_ijyb
D:4:      layout_cave_pools, tgw_fedhas, mainiacjoe_overflow_paths,
          grunt_dithmenos_smoke_and_mirrors, temple_pool_b
D:5:      corexii_shack_village, layout_cave_pods, xom_teletrap_fun,
          minmay_crossroads
D:6:      layout_basic
D:7:      layout_basic, nicolae_hepliaklqana_monster_ancestors, enter_bailey_3
D:8:      layout_loops_ring, led_sif_book, hellmonk_lair_entry_icy,
          nicolae_shop_self_help
D:9:      layout_irregular_city, kennysheep_okawaru_gauntlet,
          ebering_ghost_funeral_grove, serial_shops, nicolae_shop_stone,
          uniq_prince_ribbit1
D:10:     layout_rooms, yredelemnul_altar_generic, nzn_ghost_randoct
D:11:     layout_layer_cave, portal_ice_cave_entry_pillars_2,
          ebering_ghost_reflecting_pool
D:12:     layout_basic, zombieorc2_lemuel, kb_lookout_dungeons_type
D:13:     layout_basic, erik_vaults_2, minmay_hedge_maze,
          minmay_misc_feat_alley, lemuel_flamethrower_hall, uniq_rupert
D:14:     layout_loops_corners, nicolae_elyvilon_temple_path
D:15:     grunt_enter_depths_magical_seal, layout_rooms, serial_shops,
          nicolae_shop_hallway_plus
Temple:   dshaligram_water_room_temple
Lair:1:   layout_chaotic_city, ebering_ghost_xom, grunt_megastairs_5,
          serial_bayou_shore_b, uniq_nergalle
Lair:2:   layout_cave_pods, alex1729_snake_entry_snake, basic_altar,
          gauntlet_entry_generic, grunt_megastairs_1
Lair:3:   layout_chaotic_city, elwin_shoals_entry_rocks
Lair:4:   regret_index_combs_of_tragedy, layout_gridlike,
          minmay_slime_entry_pillars, kennysheep_rathole
Lair:5:   grunt_lair_end_beastmaster, layout_small_grid, serial_bayou,
          serial_bayou_ford_a, serial_bayou_pond_c, serial_bayou_lake_a,
          serial_bayou_pond_d, infiniplex_staircase_pool
Shoals:1: layout_shoals, uniq_kirke
Shoals:2: layout_shoals, nicolae_shoals_hunting_party
Shoals:3: layout_shoals
Shoals:4: shoals_end_simple, layout_shoals
Snake:1:  layout_onion, lemuel_fruit_tree
Snake:2:  layout_misc_corridors
Snake:3:  kennysheep_six_static_rooms, layout_onion_interference,
          hangedman_snake_corridor_split
Snake:4:  grunt_snake_rune_spirals, layout_onion, serial_shops, shop, uniq_aizul
Orc:1:    layout_caves, nicolae_orc_damp_corner
Orc:2:    st_orc_pillars, layout_diamond_mine, basic_altar
Elf:1:    layout_gridlike, serial_shops, shop, minivault_28, grunt_megastairs_3
Elf:2:    nicolae_elf_blades_crystal_corner, layout_gridlike, kb_rosetta
Elf:3:    minmay_elf_hall_furrowed, layout_rooms, serial_shops,
          nicolae_shop_peninsula
Vaults:1: hangedman_vaults_unwind, nicolae_vaults_mush_room,
          hangedman_vaults_hat, vaults_standard_mumra_x,
          nicolae_vaults_tangram_1, nicolae_vaults_trapezoid_2,
          vaults_room_fours, layout_vaults_omnigrid
Vaults:2: st_lattice, vaults_room_pool, nicolae_vaults_turnstiles,
          vaults_mumra_minichess_inversion, nicolae_vaults_yaktaur_gun_rack,
          grunt_vaults_trifunnel, nicolae_vaults_little_squares_3,
          minmay_crypt_entry_simple_round, v_misc_26,
          nicolae_vaults_border_crossing, vaults_room_pool,
          nicolae_vaults_specimen_jars, layout_vaults_omnibox, serial_shops,
          bzr_entry_water
Vaults:3: mu_enter_wizlab_1, nicolae_vaults_security_offices_5,
          grunt_vaults_focal, nicolae_vaults_mitosis, vaults_room_fours,
          nicolae_vaults_storage_closets_2, nicolae_vaults_asterisk,
          hangedman_vaults_trim, ontoclasm_vaults_ring_small,
          hangedman_vaults_locks, vaults_room_stairs_pillars,
          layout_vaults_ring, uniq_margery, uniq_boris
Vaults:4: nicolae_vaults_mini_display_case, vaults_mumra_hex,
          dpeg_vaults_pockets_of_resistance, v_misc_10, vaults_mumra_minichess,
          nicolae_vaults_sightless_eye, grunt_vaults_twisty,
          vaults_room_door_ring, v_misc_13, nicolae_vaults_tetromino_L_1,
          layout_vaults_big_room, nicolae_trove_entry_isolated, uniq_donald
Vaults:5: serial_shops, uniq_frederick, uniq_jory
Depths:1: layout_gridlike, grunt_mini_vestibule, minmay_misc_feat_tower,
          nemelex_altar_shiori
Depths:2: lemuel_troll_bridge, layout_gridville, pan_entry,
          nicolae_concentric_dashed_squares_mild, abyss_entry_flame_altar,
          grunt_hell_entry_dis_grunt, nicolae_titane
Depths:3: minmay_haunted_quarter, layout_cave_shapes, enter_ziggurat_c,
          hell_entry, chequers_serial_rivers_small_3, minmay_room_of_horrors,
          nicolae_houndstooth_variations, minmay_shop_star,
          infiniplex_staircase_river, uniq_sojobo, uniq_grunn
Depths:4: grunt_zot_entry_gee_three, layout_gridlike, grunt_decor_one_mirror,
          hell_entry, lemuel_old_faithful, uniq_enchantress
Zot:1:    grunt_twist_and_shout, layout_cathedral_of_symmetry,
          hangedman_zot_diagonal_lockstep, nicolae_transporter_circle
Zot:2:    grunt_deathspiral_small, layout_onion_interference
Zot:3:    layout_misc_corridors, st_large_dragon_hoard_3
Zot:4:    layout_cellular_growth, regret_index_zotdec_glowing_original,
          hellmonk_ghost_big_iron
Zot:5:    layout_gridlike

Skill      XL: |  1  2  3  4  5  6  7  8  9 10 11 12 13 14 15 16 17 18 19 20 21 22 23 24 25 26 27 |
---------------+----------------------------------------------------------------------------------+-----
Conjurations   | 1 2 3 4 5 6 8 9 10 11 12 | 12.4
Fighting       | 1 2 5 11 12 14 | 14.9
Translocations | 1 2 3 4 7 |  7.3
Summonings     | 2 3 |  3.2
Alchemy        | 1 3 4 6 7 8 11 | 11.4
Air Magic      | 2 3 5 7 9 12 13 14 | 14.9
Short Blades   | 2 3 6 7 8 10 | 10.0
Dodging        | 3 4 5 13 14 | 14.9
Stealth        | 3 4 5 6 10 | 10.3
Spellcasting   | 4 6 7 8 11 12 14 | 14.9
Hexes          | 3 4 7 9 13 14 | 14.9
Ice Magic      | 4 5 7 10 14 | 14.9
Earth Magic    | 1 4 5 6 8 9 10 | 10.3
Shields        | 3 4 7 8 10 11 12 13 14 | 14.9
Armour         | 2 3 4 5 8 |  8.4
Throwing       | 4 6 |  6.0
Necromancy     | 3 5 6 7 9 13 | 13.2
Evocations     | 2 3 4 7 9 |  9.3
Polearms       | 9 12 14 | 14.9

Action                     |  1- 3 |  4- 6 |  7- 9 | 10-12 | 13-15 | 16-18 | 19-21 | 22-24 | 25-27 || total
---------------------------+-------+-------+-------+-------+-------+-------+-------+-------+-------++-------
  Melee: Dagger            |    18 |    23 |   150 |   240 |   358 |    61 |    15 |    34 |       ||   899
         Quarterstaff      |       |     1 |       |       |       |       |       |       |       ||     1
         Punch             |       |       |     4 |       |       |       |       |       |       ||     4
         Tailslap          |       |       |       |     6 |     9 |     7 |       |    10 |       ||    32
         Rapier            |       |       |       |       |    17 |       |       |       |       ||    17
         Lance             |       |       |       |       |       |       |       |   283 |   160 ||   443
  Throw: Dart              |       |       |       |       |       |     2 |       |       |       ||     2
         Throwing net      |       |       |       |       |       |     2 |       |       |       ||     2
   Cast: Magic Dart        |    73 |   110 |   185 |   137 |    57 |     8 |       |       |       ||   570
         Call Imp          |     3 |     3 |    13 |     4 |     2 |       |       |       |       ||    25
         Mephitic Cloud    |       |     6 |    33 |    35 |    28 |     1 |       |       |       ||   103
         Blink             |       |       |     1 |     1 |     3 |     1 |     3 |       |     2 ||    11
         Ensorcelled Hiber |       |       |       |    49 |    73 |    26 |     3 |     3 |       ||   154
         Passwall          |       |       |       |     1 |     3 |     6 |     1 |     1 |       ||    12
         Apportation       |       |       |       |       |     4 |     7 |       |     2 |     2 ||    15
         Olgreb's Toxic Ra |       |       |       |       |   119 |    13 |       |       |       ||   132
         Ozocubu's Refrige |       |       |       |       |   198 |   468 |   440 |   440 |   535 ||  2081
         Bombard           |       |       |       |       |       |     3 |    30 |    14 |    23 ||    70
         Discord           |       |       |       |       |       |    11 |       |     5 |    10 ||    26
         Dispel Undead     |       |       |       |       |       |       |    11 |    14 |    19 ||    44
         Borgnjor's Vile C |       |       |       |       |       |       |    32 |    30 |    13 ||    75
         Lee's Rapid Decon |       |       |       |       |       |       |    12 |    19 |       ||    31
         Iskenderun's Myst |       |       |       |       |       |       |     4 |     3 |     8 ||    15
         Maxwell's Capacit |       |       |       |       |       |       |       |     1 |    78 ||    79
         Irradiate         |       |       |       |       |       |       |       |       |    13 ||    13
 Invoke: Curse Item        |       |       |     4 |     2 |     6 |     3 |     2 |     4 |     1 ||    22
         Shatter the Chain |       |       |       |     1 |     2 |     2 |     3 |     3 |     1 ||    12
  Evoke: Lightning rod     |       |       |       |       |     8 |    12 |     5 |     8 |    11 ||    44
         Wand              |       |       |       |       |     3 |     7 |     6 |     1 |    22 ||    39
         Phial of floods   |       |       |       |       |       |     1 |     1 |       |       ||     2
         Phantom mirror    |       |       |       |       |       |     1 |       |       |       ||     1
         Condenser vane    |       |       |       |       |       |       |       |     2 |       ||     2
         Sack of spiders   |       |       |       |       |       |       |       |     1 |     1 ||     2
    Use: Scroll            |       |     1 |     2 |     7 |    14 |     7 |    10 |     3 |    15 ||    59
         Potion            |       |       |     1 |     3 |     7 |     4 |     1 |     3 |     4 ||    23
   Stab: Confused          |       |     3 |    10 |    23 |    36 |       |       |     1 |       ||    73
         Sleeping          |       |       |       |    38 |    59 |    23 |     3 |     8 |     3 ||   134
         Invisible         |       |       |       |     3 |     1 |       |       |       |       ||     4
         Paralysed         |       |       |       |       |       |     2 |       |     1 |     4 ||     7
         Held in net/web   |       |       |       |       |       |     3 |       |       |       ||     3
 Armour: Robe              |    22 |    33 |   127 |    46 |       |       |     8 |   168 |   243 ||   647
         Steam dragon scal |       |       |       |    85 |   167 |   117 |    65 |       |       ||   434
  Dodge: Dodged            |    17 |    37 |   102 |   131 |   163 |    95 |    68 |   175 |   250 ||  1038
  Block: Buckler           |       |       |       |    26 |    70 |    44 |       |       |       ||   140
         Kite shield       |       |       |       |       |       |       |   100 |   282 |   268 ||   650
         Reflection        |       |       |       |       |       |       |    47 |    26 |    17 ||    90

Table legend: (Time is in decaauts)
 A = Elapsed time spent in this place.
 B = Non-inter-level travel time spent in this place.
 C = Inter-level travel time spent in this place.
 D = Time resting spent in this place.
 E = Time spent auto-exploring this place.
 F = Levels seen in this place.
 G = Mean time per level.
                   A        B        C        D        E       F      G
               +--------+--------+--------+--------+--------+-----+--------+
         Total | 118653 | 112098 |   6555 |  15553 |  81192 |  53 | 2238.7 |
       Dungeon |  25352 |  22624 |   2728 |   2116 |  17061 |  15 | 1690.1 |
        Temple |     32 |     16 |     16 |      0 |      0 |   1 |   32.0 |
          Lair |  10620 |   9827 |    793 |   1141 |   6952 |   5 | 2124.0 |
        Shoals |  10815 |  10645 |    170 |    656 |   9111 |   4 | 2703.8 |
     Snake Pit |   8538 |   8119 |    419 |   1788 |   5002 |   4 | 2134.5 |
  Orcish Mines |   4696 |   4297 |    399 |    282 |   3507 |   2 | 2348.0 |
   Elven Halls |  10514 |  10079 |    435 |   2932 |   5924 |   3 | 3504.7 |
        Vaults |  18302 |  17586 |    716 |    931 |  14524 |   5 | 3660.4 |
        Depths |  14064 |  13555 |    509 |    590 |  11709 |   4 | 3516.0 |
           Zot |  10592 |  10226 |    366 |   4103 |   4678 |   5 | 2118.4 |
        Bazaar |    126 |    126 |      0 |      0 |    116 |   1 |  126.0 |
        Bailey |    720 |    720 |      0 |    322 |    130 |   1 |  720.0 |
      Ice Cave |   1916 |   1916 |      0 |    623 |    712 |   1 | 1916.0 |
        Wizlab |   1839 |   1839 |      0 |      0 |   1490 |   1 | 1839.0 |
      Gauntlet |    518 |    518 |      0 |     69 |    273 |   1 |  518.0 |
               +--------+--------+--------+--------+--------+-----+--------+

Top non-repeatable levels by time:
Vaults:4: 5097 daAuts
Depths:2: 4682 daAuts
   Zot:5: 4423 daAuts
Depths:4: 4364 daAuts
Vaults:1: 4177 daAuts
   Elf:2: 4055 daAuts
   Elf:1: 3673 daAuts
Vaults:5: 3604 daAuts
 Snake:4: 3494 daAuts
   Orc:2: 3466 daAuts
Shoals:4: 3274 daAuts
Depths:3: 3012 daAuts
   Elf:3: 2785 daAuts
Vaults:3: 2774 daAuts
  Lair:4: 2765 daAuts
